 Dungeon Crawl Stone Soup version bcrawl-1.15.1 (webtiles) character file.

Game seed: 12370908677965471386

25 Kerapac the Sneak (level 3, 28/28 HPs)
             Began as an Oni Archaeologist on Sept 29, 2019.
             Quit the game on level 1 of the Dungeon.
             The game lasted 00:01:29 (580 turns).

Kerapac the Sneak (Oni Archaeologist)                Turns: 580, Time: 00:01:29

Health: 28/28      AC:  6    Str: 14    XL:     3   Next: 4%
Magic:  7/7        EV: 12    Int: 16    God:
Gold:   36         SH:  0    Dex:  9    Spells: 5/5 levels left

rFire    . . .     SeeInvis .   a - +0 whip
rCold    . . .     Gourm    .   (no shield)
rNeg     . . .     Faith    .   b - +1 animal skin
rPois    .         Spirit   .   c - +1 hat
rElec    .         Reflect  .   (no cloak)
rCorr    .         Harm     .   (no gloves)
MR       .....                  d - +1 pair of boots
Stlth    ++........             (no amulet)
HPRegen  0.09/turn              (no ring)
MPRegen  0.10/turn              (no ring)

@: studying Crossbows
A: oni magic, claws 1, fangs 1, horns 1
a: no special abilities


You were on level 1 of the Dungeon.
You were not hungry.

You visited 1 branch of the dungeon, and saw 1 of its levels.

You collected 36 gold pieces.

Inventory:

Hand Weapons
 a - a +0 whip (weapon)
Armour
 b - a +1 animal skin (worn)
 c - a +1 hat (worn)
 d - a +1 pair of boots (worn)
Jewellery
 k - an uncursed ring of resist corrosion {unknown}
Scrolls
 h - a scroll of noise {unknown}
 i - a scroll of enchant weapon {unknown}
 j - a scroll of remove curse {unknown}
 l - a scroll of teleportation {unknown}
 m - a scroll of immolation {unknown}
Books
 e - a manual of Crossbows
Miscellaneous
 f - an ancient crate
Comestibles
 g - 2 rations {!d}


   Skills:
 - Level 1.0 Fighting
 - Level 1.1 Maces & Flails
 - Level 2.6 Dodging
 - Level 2.6 Stealth
 + Level 1.6 Spellcasting


You had 5 spell levels left.
You didn't know any spells.
Your spell library contained the following spells:

 Spells                   Type           Power        Failure   Level  Hunger
 Sandblast                Erth           #.....       10%         1    ##.....


Dungeon Overview and Level Annotations

Branches:
Dungeon (1/12)

Altars:


Innate Abilities, Weirdness & Mutations

You learn spells by gaining experience, not through books or religion.
You only train spellcasting to practice magic.
You have sharp fingernails.
You have very sharp teeth.
You have a pair of small horns on your head.


Message History

The worm barely misses you.
You hit the worm but do no damage. You headbutt the worm.
The worm is almost dead.
You barely miss the worm.
The worm is almost dead.
The worm closely misses you.
You barely miss the worm.
The worm is severely wounded.
The worm barely misses you.
You hit the worm. You bite the worm.
The worm is almost dead.
You hit the worm. You headbutt the worm.
You kill the worm!
You have reached level 3!
Your experience leads to an increase in your attributes!
Increase (S)trength, (I)ntelligence, or (D)exterity?
You feel clever.
You have an epiphany!
The dusty tome is a manual of Crossbows!
Reading it may be key to unlocking the crate...
Unknown command.
Are you sure you want to abandon this character and quit the game? (Confirm with "yes".)

##.#....#.##.#.# #..#
##.#...#.#.##.#.####..#
##.###..#.#.##.#.......####
..## ##.#.#.##.######.....#.
##.###..#.....†....)w.w......
##.#.......##.#..####.##...#
#..#..##..##.#..####.# ...#
###.##.........#.........K..###
.....##.##..####@#####.#. ....
#.÷.).#.##..# #.# #...#..#
........##..####.#####.# ..#
#.....#.##..........##.##.#
##...##.##.##.#...........#
##.###.##...)##.##.##.####
###.# #.####.....##.##.# ....#
#.# #...####.##.# #######.#
#...####.##.#


There were no monsters in sight!

Vanquished Creatures
  A worm (D:1)
  2 leopard geckos (D:1)
  A giant cockroach (D:1)
  3 goblins (D:1)
  3 hobgoblins (D:1)
  3 bats (D:1)
  4 kobolds (D:1)
  2 rats (D:1)
19 creatures vanquished.

Notes
Turn   | Place    | Note
-------+----------+-------------------------------------------
     0 | D:1      | Kerapac the Oni Archaeologist began the quest for the Orb.
     0 | D:1      | Reached XP level 1. HP: 16/16 MP: 3/3
   205 | D:1      | Reached skill level 1 in Spellcasting
   205 | D:1      | Reached XP level 2. HP: 19/23 MP: 5/5
   579 | D:1      | Reached XP level 3. HP: 28/28 MP: 7/7
   580 | D:1      | Quit the game

Skill      XL: |  1 |
---------------+----+-----
Spellcasting   | 1 |  1.6
Fighting       | |  1.0
Maces & Flails | |  1.1
Dodging        | |  2.6
Stealth        | |  2.6

Action                   || total
-------------------------++-------
Melee: Whip              ||    60
       Headbutt          ||     8
       Bite              ||     2
 Stab: Sleeping          ||     3
Armor: Animal skin       ||    17
Dodge: Dodged            ||    36
